BR
GRAND RAPIDS DUTCH OVENS @ ROY EAGLE SQUADRON
09/04/2027
 
TOP OF THE 1ST
Grand Rapids Dutch Ovens batting - Pitching for Roy Eagle Squadron : RHP Wes Meeks
Pitching: RHP Wes Meeks
Batting: RHB José Wills 0-0: Called Strike
0-1: Ball
1-1: DOUBLE (Flyball, 78XD)
Batting: RHB Ray Bray 0-0: Swinging Strike
0-1: SINGLE (Flyball, 34D)
José Wills to third
Pitching: LHP Nick Thornton
Batting: RHB Tim Lee 0-0: Ball
1-0: Swinging Strike
1-1: Foul Ball, location: 2F
1-2: Foul Ball, location: 2F
1-2: Strikes out swinging
Pitching: RHP Walt Hall
Batting: LHB Nick Weber 0-0: Called Strike
0-1: SINGLE (Line Drive, 6)
José Wills scores
Ray Bray to second
Batting: RHB William Todd 0-0: SINGLE (Groundball, 56D)
Ray Bray to third
Nick Weber to second
Runner from 3rd tries for Home, SAFE, no throw
Batting: LHB Félix Costa 0-0: Ball
1-0: Ball
2-0: Ball
3-0: Called Strike
3-1: SINGLE (Flyball, 7LS)
Nick Weber to third
William Todd to second
Batting: LHB Lee Jenkins 0-0: Called Strike
0-1: Ball
1-1: Fly out, F7 (Flyball, 7S)
Batting: SHB Víctor Torres 0-0: Foul Ball, location: 2F
0-1: GRAND SLAM HOME RUN (Flyball, 89XD), Distance : 426 ft
Batting: RHB Takuro Okawa 0-0: Foul Ball, location: 2F
0-1: SINGLE (Groundball, 4) (infield hit)
Pitching: RHP Tony Zamora
Batting: RHB José Wills 0-0: Foul Ball, location: 2F
0-1: Fly out, F8 (Flyball, 8RS)
Top of the 1st over - 6 run(s), 7 hit(s), 0 error(s), 1 left on base; Grand Rapids 6 - Roy 0
BOTTOM OF THE 1ST
Roy Eagle Squadron batting - Pitching for Grand Rapids Dutch Ovens : RHP Ethan Knight
Pitching: RHP Ethan Knight
Batting: LHB Quinn Webb 0-0: Called Strike
0-1: Ball
1-1: Ball
2-1: Foul Ball, location: 2F
2-2: Ball
3-2: Strikes out looking
Batting: RHB Richie Sawyer 0-0: Foul Ball, location: 2F
0-1: Ball
1-1: Ball
2-1: Ball
3-1: Fly out, F8 (Flyball, 8LM)
Batting: RHB Dan Duckworth 0-0: Called Strike
0-1: Ball
1-1: Ball
2-1: SINGLE (Line Drive, 6D)
Batting: RHB Juan Bruno 0-0: Foul Ball, location: 2F
0-1: Foul Ball, location: 2F
0-2: Fielders Choice at 2nd, 6-4 (Groundball, 6)
Bottom of the 1st over - 0 run(s), 1 hit(s), 0 error(s), 0 left on base; Grand Rapids 6 - Roy 0
TOP OF THE 2ND
Grand Rapids Dutch Ovens batting - Pitching for Roy Eagle Squadron : RHP Tony Zamora
Batting: RHB Ray Bray 0-0: Foul Ball, location: 2F
0-1: Ball
1-1: Called Strike
1-2: Foul Ball, location: 2F
1-2: Ground out U3 (Groundball, 34S)
Batting: RHB Tim Lee 0-0: Foul Ball, location: 2F
0-1: Ground out 5-3 (Groundball, 56)
Batting: LHB Nick Weber 0-0: Swinging Strike
0-1: Ball
1-1: Foul Ball, location: 2F
1-2: Foul Ball, location: 2F
1-2: Ground out 3-1 (Groundball, 34)
Top of the 2nd over - 0 run(s), 0 hit(s), 0 error(s), 0 left on base; Grand Rapids 6 - Roy 0
BOTTOM OF THE 2ND
Roy Eagle Squadron batting - Pitching for Grand Rapids Dutch Ovens : RHP Ethan Knight
Batting: RHB Jesús Ortíz 0-0: Ground out U3 (Groundball, 3L)
Batting: SHB Garrett Waller 0-0: Foul Ball, location: 2F
0-1: Called Strike
0-2: Ball
1-2: Foul Ball, location: 2F
1-2: Strikes out swinging
Batting: RHB Mike Russell 0-0: Called Strike
0-1: Fly out, F7 (Line Drive, 7)
Bottom of the 2nd over - 0 run(s), 0 hit(s), 0 error(s), 0 left on base; Grand Rapids 6 - Roy 0
TOP OF THE 3RD
Grand Rapids Dutch Ovens batting - Pitching for Roy Eagle Squadron : RHP Tony Zamora
Batting: RHB William Todd 0-0: Ball
1-0: Reached on error, E6 (Groundball, 6)
Batting: LHB Félix Costa 0-0: Foul Ball, location: 2F
0-1: Ball
1-1: SINGLE (Groundball, 4MD)
William Todd to second
Batting: LHB Lee Jenkins 0-0: Called Strike
0-1: Ball
1-1: SINGLE (Flyball, 8LS)
William Todd to third
Félix Costa to second
Batting: SHB Víctor Torres 0-0: Ball
1-0: Fly out, F8 (Flyball, 78D)
Runner from 3rd tags up, SCORES, no throw
Batting: RHB Takuro Okawa 0-0: Foul Ball, location: 2F
0-1: Ball
Félix Costa steals 3rd base
Lee Jenkins to second
1-1: Ball
2-1: Fly out, F9 (Flyball, 9S)
Batting: RHB José Wills 0-0: Ball
1-0: Ball
2-0: Called Strike
2-1: Called Strike
2-2: Fly out, F8 (Flyball, 8RD)
Top of the 3rd over - 1 run(s), 2 hit(s), 1 error(s), 2 left on base; Grand Rapids 7 - Roy 0
BOTTOM OF THE 3RD
Roy Eagle Squadron batting - Pitching for Grand Rapids Dutch Ovens : RHP Ethan Knight
Batting: RHB Rich Crabtree 0-0: Ball
1-0: Ball
2-0: Ball
3-0: Called Strike
3-1: Base on Balls
Batting: RHB Chad Battle 0-0: Called Strike
0-1: Fly out, F8 (Flyball, 78M)
Batting: LHB Quinn Webb 0-0: Ball
1-0: Fly out, F8 (Flyball, 8LM)
Batting: RHB Richie Sawyer 0-0: Called Strike
0-1: Ball
1-1: Ball
2-1: Fielders Choice at 2nd, 5-4 (Groundball, 5)
Bottom of the 3rd over - 0 run(s), 0 hit(s), 0 error(s), 0 left on base; Grand Rapids 7 - Roy 0
TOP OF THE 4TH
Grand Rapids Dutch Ovens batting - Pitching for Roy Eagle Squadron : RHP Tony Zamora
Batting: RHB Ray Bray 0-0: Ball
1-0: Foul Ball, location: 2F
1-1: Swinging Strike
1-2: Strikes out swinging
Batting: RHB Tim Lee 0-0: SINGLE (Groundball, 4MS) (infield hit)
Batting: LHB Nick Weber 0-0: Ball
Tim Lee steals 2nd base
1-0: Swinging Strike
1-1: Called Strike
1-2: Foul Ball, location: 2F
1-2: Ball
Wild Pitch!
Tim Lee to third
2-2: Strikes out looking
Batting: RHB William Todd 0-0: Ball
1-0: Ground out 6-3 (Groundball, 56)
Top of the 4th over - 0 run(s), 1 hit(s), 0 error(s), 1 left on base; Grand Rapids 7 - Roy 0
BOTTOM OF THE 4TH
Roy Eagle Squadron batting - Pitching for Grand Rapids Dutch Ovens : RHP Ethan Knight
Batting: RHB Dan Duckworth 0-0: Ball
1-0: Ball
2-0: Ball
3-0: Base on Balls
Batting: RHB Juan Bruno 0-0: Fly out, F7 (Flyball, 78S)
Batting: RHB Jesús Ortíz 0-0: Called Strike
0-1: Swinging Strike
0-2: Foul Ball, location: 2F
Balk!
Dan Duckworth to second
0-2: Foul Ball, location: 2F
0-2: Strikes out looking
Batting: SHB Garrett Waller 0-0: Fly out, F7 (Flyball, 7LSF)
Bottom of the 4th over - 0 run(s), 0 hit(s), 0 error(s), 1 left on base; Grand Rapids 7 - Roy 0
TOP OF THE 5TH
Grand Rapids Dutch Ovens batting - Pitching for Roy Eagle Squadron : RHP Tony Zamora
Batting: LHB Félix Costa 0-0: Ball
1-0: Hit by Pitch
Batting: LHB Lee Jenkins 0-0: Ball
1-0: Foul Ball, location: 2F
1-1: Swinging Strike
1-2: Foul Ball, location: 2F
1-2: Ball
2-2: SINGLE (Line Drive, 8LS)
Félix Costa to second
Batting: SHB Víctor Torres 0-0: Foul Ball, location: 2F
0-1: Foul Ball, location: 2F
0-2: Foul Ball, location: 2F
0-2: Strikes out swinging
Pitching: RHP John Ashe
Batting: RHB Takuro Okawa 0-0: Ball
1-0: Ball
2-0: SINGLE (Line Drive, 89S)
Félix Costa to third
Lee Jenkins to second
Runner from 3rd tries for Home, SAFE, no throw
Batting: RHB José Wills 0-0: Foul Ball, location: 2F
0-1: Called Strike
0-2: Foul Ball, location: 2F
0-2: Strikes out looking
Batting: RHB Ray Bray 0-0: Ball
1-0: Ball
2-0: Called Strike
2-1: Foul Ball, location: 2F
2-2: Fielders Choice at 2nd, U4 (Groundball, 4M)
Top of the 5th over - 1 run(s), 2 hit(s), 0 error(s), 2 left on base; Grand Rapids 8 - Roy 0
BOTTOM OF THE 5TH
Roy Eagle Squadron batting - Pitching for Grand Rapids Dutch Ovens : RHP Ethan Knight
Batting: RHB Mike Russell 0-0: SINGLE (Groundball, 4D)
Batting: RHB Rich Crabtree 0-0: Ball
1-0: Called Strike
1-1: Ball
2-1: Ball
3-1: Foul Ball, location: 2F
3-2: Foul Ball, location: 2F
3-2: Foul Ball, location: 2F
3-2: Base on Balls
Mike Russell to second
Batting: RHB Chad Battle 0-0: Called Strike
0-1: Foul Ball, location: 2F
0-2: Ball
1-2: Strikes out looking
Pitching: RHP Jeffery Dillon
Batting: LHB Quinn Webb 0-0: SINGLE (Flyball, 6MD)
Mike Russell to third
Rich Crabtree to second
Batting: RHB Richie Sawyer 0-0: Called Strike
0-1: Ball
1-1: Ball
2-1: Fly out, F8 (Flyball, 8RM)
Runner from 3rd tags up, SCORES, no throw
Batting: RHB Dan Duckworth 0-0: Called Strike
0-1: Ball
1-1: Foul Ball, location: 2F
1-2: Ball
2-2: Foul Ball, location: 2F
2-2: DOUBLE (Line Drive, 7LM)
Rich Crabtree scores
Quinn Webb to third
Runner from 3rd tries for Home, throw and OUT!
Bottom of the 5th over - 2 run(s), 3 hit(s), 0 error(s), 1 left on base; Grand Rapids 8 - Roy 2
TOP OF THE 6TH
Grand Rapids Dutch Ovens batting - Pitching for Roy Eagle Squadron : RHP John Ashe
Batting: RHB Tim Lee 0-0: Foul Ball, location: 2F
0-1: Ball
1-1: Foul Ball, location: 2F
1-2: Ball
2-2: Strikes out swinging
Batting: LHB Nick Weber 0-0: Ball
1-0: Ball
2-0: Ball
3-0: Called Strike
3-1: Ground out 3-1 (Groundball, 34)
Batting: RHB William Todd 0-0: Ball
1-0: Ball
2-0: Ball
3-0: Called Strike
3-1: Fly out, F8 (Flyball, 8LM)
Top of the 6th over - 0 run(s), 0 hit(s), 0 error(s), 0 left on base; Grand Rapids 8 - Roy 2
BOTTOM OF THE 6TH
Roy Eagle Squadron batting - Pitching for Grand Rapids Dutch Ovens : RHP Jeffery Dillon
Batting: RHB Juan Bruno 0-0: Fly out, F9 (Flyball, 9)
Batting: RHB Jesús Ortíz 0-0: Called Strike
0-1: Called Strike
0-2: Strikes out swinging
Batting: SHB Garrett Waller 0-0: Called Strike
0-1: Ball
1-1: Called Strike
1-2: Ball
2-2: Fly out, F9 (Flyball, 89D)
Bottom of the 6th over - 0 run(s), 0 hit(s), 0 error(s), 0 left on base; Grand Rapids 8 - Roy 2
TOP OF THE 7TH
Grand Rapids Dutch Ovens batting - Pitching for Roy Eagle Squadron : RHP John Ashe
Batting: LHB Félix Costa 0-0: Ball
1-0: Ball
2-0: Called Strike
2-1: Foul Ball, location: 2F
2-2: Foul Ball, location: 2F
2-2: Ball
3-2: Fly out, F9 (Flyball, 89M)
Batting: LHB Lee Jenkins 0-0: Ball
1-0: Swinging Strike
1-1: Ball
2-1: Called Strike
2-2: Ball
3-2: Fly out, F7 (Flyball, 7LS)
Batting: SHB Víctor Torres 0-0: Foul Ball, location: 2F
0-1: Foul Ball, location: 2F
0-2: Ball
1-2: Fly out, F7 (Flyball, 78M)
Top of the 7th over - 0 run(s), 0 hit(s), 0 error(s), 0 left on base; Grand Rapids 8 - Roy 2
BOTTOM OF THE 7TH
Roy Eagle Squadron batting - Pitching for Grand Rapids Dutch Ovens : RHP Jeffery Dillon
Batting: RHB Mike Russell 0-0: Called Strike
0-1: Called Strike
0-2: Foul Ball, location: 2F
0-2: SOLO HOME RUN (Flyball, 7LD), Distance : 365 ft
Batting: RHB Rich Crabtree 0-0: Ball
1-0: Ball
2-0: Ball
3-0: Called Strike
3-1: SINGLE (Line Drive, 8RS)
Batting: RHB Chad Battle 0-0: Ball
1-0: Called Strike
1-1: Fly out, F4 (Flyball, 3D)
Pitching: RHP Mark Messier
Batting: LHB Quinn Webb 0-0: Called Strike
0-1: SINGLE (Line Drive, 7S)
Rich Crabtree to second
Batting: RHB Richie Sawyer 0-0: Swinging Strike
0-1: Ball
1-1: Foul Ball, location: 2F
1-2: Ball
2-2: Ball
3-2: Base on Balls
Rich Crabtree to third
Quinn Webb to second
Batting: RHB Dan Duckworth 0-0: Called Strike
0-1: Swinging Strike
0-2: Ball
1-2: Reached on error, E6 (Groundball, 6)
Rich Crabtree scores
Quinn Webb to third
Richie Sawyer to second
Batting: RHB Juan Bruno 0-0: Fielders Choice at 2nd, 4-6 (Groundball, 4)
Quinn Webb scores
Richie Sawyer to third
Batting: RHB Jesús Ortíz 0-0: SINGLE (Flyball, 8LS)
Richie Sawyer scores
Juan Bruno to second
Runner from 2nd tries for 3rd, SAFE, throw made to third
Batting: SHB Garrett Waller 0-0: Ball
1-0: Ball
2-0: Called Strike
2-1: Ball
3-1: Called Strike
3-2: Foul Ball, location: 2F
3-2: SINGLE (Line Drive, 4)
Juan Bruno scores
Jesús Ortíz to second
Jesús Ortíz to third
Pinch Hitting: RHB Oliver Sánchez 0-0: Ball
1-0: Ball
2-0: Called Strike
2-1: Called Strike
2-2: Ball
3-2: Foul Ball, location: 2F
3-2: Strikes out swinging
Bottom of the 7th over - 5 run(s), 5 hit(s), 1 error(s), 2 left on base; Grand Rapids 8 - Roy 7
TOP OF THE 8TH
Grand Rapids Dutch Ovens batting - Pitching for Roy Eagle Squadron : RHP John Ashe
Pitching: RHP José Rivera
Now at SS: Oliver Sánchez
Batting: RHB Takuro Okawa 0-0: Called Strike
0-1: Ball
1-1: Ball
2-1: Fly out, F4 (Popup, 4D)
Batting: RHB José Wills 0-0: SOLO HOME RUN (Line Drive, 7LD), Distance : 371 ft
Batting: RHB Ray Bray 0-0: Foul Ball, location: 2F
0-1: Ball
1-1: Ball
2-1: Ball
3-1: Foul Ball, location: 2F
3-2: Strikes out swinging
Batting: RHB Tim Lee 0-0: Called Strike
0-1: Ball
1-1: Ball
2-1: SINGLE (Groundball, 6MD)
Batting: LHB Nick Weber 0-0: Called Strike
0-1: Ball
1-1: Fly out, F7 (Flyball, 7)
Top of the 8th over - 1 run(s), 2 hit(s), 0 error(s), 1 left on base; Grand Rapids 9 - Roy 7
BOTTOM OF THE 8TH
Roy Eagle Squadron batting - Pitching for Grand Rapids Dutch Ovens : RHP Mark Messier
Pitching: LHP Sancho Espinoza
Batting: RHB Rich Crabtree 0-0: Fly out, F9 (Flyball, 9)
Batting: RHB Chad Battle 0-0: Ball
1-0: Fly out, F3 (Line Drive, 3S)
Batting: LHB Quinn Webb 0-0: Swinging Strike
0-1: Ground out U3 (Groundball, 3)
Bottom of the 8th over - 0 run(s), 0 hit(s), 0 error(s), 0 left on base; Grand Rapids 9 - Roy 7
TOP OF THE 9TH
Grand Rapids Dutch Ovens batting - Pitching for Roy Eagle Squadron : RHP José Rivera
Batting: RHB William Todd 0-0: Ball
1-0: Ground out 5-3 (Groundball, 5)
Batting: LHB Félix Costa 0-0: Called Strike
0-1: Foul Ball, location: 2F
0-2: Foul Ball, location: 2F
0-2: Ball
1-2: Foul Ball, location: 2F
1-2: Foul Ball, location: 2F
1-2: Foul Ball, location: 2F
1-2: SINGLE (Line Drive, 89S)
Batting: LHB Lee Jenkins 0-0: Ball
1-0: Ball
2-0: Foul Ball, location: 2F
2-1: Called Strike
2-2: Foul Ball, location: 2F
2-2: SINGLE (Line Drive, 78M)
Félix Costa to second
Félix Costa to third
Batting: SHB Víctor Torres 0-0: Reached via error on a dropped throw, E6
Félix Costa scores
Lee Jenkins to second
Pitching: RHP Mark Owens
Batting: RHB Takuro Okawa 0-0: Called Strike
0-1: Fly out, F9 (Flyball, 89M)
Batting: RHB José Wills 0-0: Hit by Pitch
Lee Jenkins to third
Víctor Torres to second
Batting: RHB Ray Bray 0-0: Foul Ball, location: 2F
0-1: Called Strike
0-2: Fielders Choice at 2nd, 5-4 (Groundball, 5)
Top of the 9th over - 1 run(s), 2 hit(s), 1 error(s), 2 left on base; Grand Rapids 10 - Roy 7
BOTTOM OF THE 9TH
Roy Eagle Squadron batting - Pitching for Grand Rapids Dutch Ovens : LHP Sancho Espinoza
Pitching: RHP Jacob Edwards
Batting: RHB Richie Sawyer 0-0: Ball
1-0: Foul Ball, location: 2F
1-1: Foul Ball, location: 2F
1-2: Foul Ball, location: 2F
1-2: Ball
2-2: Foul Ball, location: 2F
2-2: SINGLE (Groundball, 56D)
Batting: RHB Dan Duckworth 0-0: SINGLE (Line Drive, 7LS)
Richie Sawyer to second
Pinch Hitting: LHB Duane Lemay 0-0: Ball
1-0: Fly out, F8 (Line Drive, 8LM)
Batting: RHB Jesús Ortíz 0-0: Ball
1-0: Ball
2-0: Ball
3-0: Called Strike
3-1: SINGLE (Groundball, 4MD)
Richie Sawyer to third
Dan Duckworth to second
Runner from 3rd tries for Home, SAFE, no throw
Batting: SHB Garrett Waller 0-0: Ball
1-0: Ball
2-0: Swinging Strike
2-1: Called Strike
2-2: Strikes out swinging
Batting: RHB Oliver Sánchez 0-0: Fly out, F2 (Popup, 56S)
Bottom of the 9th over - 1 run(s), 3 hit(s), 0 error(s), 2 left on base; Grand Rapids 10 - Roy 8
Thursday, March 30th, 2017 - OOTP Baseball 17.12 Build 75